 Dungeon Crawl Stone Soup version 0.15.2 (webtiles) character file.

148 magipi the Distorting Formicid (level 5, 0/41 HPs)
             Began as a Formicid Abyssal Knight on Feb 6, 2015.
             Was a Believer of Lugonu.
             Slain by a giant frog (2 damage)
             ... on Level 11 of the Dungeon.
             The game lasted 00:15:42 (3204 turns).

magipi the Distorting Formicid (FoAK)               Turns: 3204, Time: 00:15:43

HP   0/41        AC  9     Str 13 (16) XL: 5   Next: 56%
MP  11/11        EV  5     Int 12      God: Lugonu [**....]
Gold 170         SH  0     Dex 11      Spells:  0 memorised,  4 levels left

rFire  . . .     SeeInvis +     w - +0 spear (curse)
rCold  . . .     Clarity  .     u - +0 chain mail
rNeg   . . .     rCorr    +     (no shield)
rPois  .         rRot     .     (helmet unavailable)
rElec  .         Spirit   .     (no cloak)
SustAb .         Warding  .     m - +0 pair of gloves
rMut   .         Stasis   +     (no boots)
Gourm  .                        v - amulet of resist corrosion
MR     .....                    r - ring of teleport control
                                j - ring of invisibility

@: not resistant to hostile enchantments, extremely unstealthy
A: permanent stasis, dig shafts and tunnels, four strong arms, antennae 3,
blurry vision 1, mutation resistance 1, forlorn
a: Dig, Shaft Self, Depart the Abyss, Bend Space, Renounce Religion, Evoke
Invisibility, Evoke Teleport Control


You were on level 11 of the Dungeon.
You worshipped Lugonu.
Lugonu was pleased with you.
You were hungry.

You visited 1 branch of the dungeon, and saw 8 of its levels.
You visited the Abyss 1 time.

You collected 170 gold pieces.

Inventory:

Hand weapons
 a - a +1 spear
 w - a cursed +0 spear (weapon)
Missiles
 n - 17 poisoned needles
Armour
 m - a +0 pair of gloves (worn)
 u - a +0 chain mail (worn)
 z - a +0 ring mail
Comestibles
 c - 2 bread rations
 g - a royal jelly
 l - 2 meat rations
 o - a slice of pizza
 p - a beef jerky
Scrolls
 d - a scroll of fear {unknown}
 e - 2 scrolls of identify {unknown}
 h - 2 scrolls of random uselessness {unknown}
 i - a scroll of enchant armour {unknown}
 k - 2 scrolls of remove curse {unknown}
 t - a scroll of amnesia {unknown}
 x - a scroll of immolation {unknown}
 y - a scroll of teleportation {unknown}
Jewellery
 j - a ring of invisibility (left hand)
 r - a ring of teleport control (right hand)
 v - an amulet of resist corrosion (around neck)
Potions
 b - a potion of restore abilities
 f - 2 potions of curing {unknown}
 q - a potion of porridge


   Skills:
 - Level 3.2 Fighting
 + Level 4.0 Polearms
 - Level 2.1 Armour
 - Level 0.8 Dodging
 + Level 4.6 Invocations


You had 4 spell levels left.
You didn't know any spells.

Dungeon Overview and Level Annotations

Branches:
Dungeon (11/15)
 Temple: D:4-7          Orc: D:9-12        Lair: D:8-11

Altars:
Kikubaaqudgha
Trog
Xom

Annotations:
D:3 yiuf, 1 exclusion, Crazy Yiuf; magipi's ghost, experienced FoAK


Innate Abilities, Weirdness & Mutations

Your are under a permanent stasis effect.
You can dig through walls and to a lower floor.
Your four strong arms can wield two-handed weapons with a shield.
You have a pair of large antennae on your head (SInv).
Your vision is a little blurry.
You are somewhat resistant to further mutation.
You have difficulty communicating with the divine.

Vault maps used:
D:1:      minmay_arrival_shattered_statue
D:3:      kennysheep_the_goblin_king, evilmike_ruin_ashenzari, first_bread,
          minmay_cupped, uniq_terence, uniq_crazy_yiuf_cottage, uniq_jessica
D:6:      lemuel_crystal_altar, grunt_temple_overflow_open, uniq_edmund
D:8:      lemuel_crystal_altar, uniq_erolcha, uniq_prince_ribbit1
D:9:      lemuel_doored_altar
D:10:     orc_0_dummy, serial_shops, shop
D:11:     grunt_ogre_cave


Message History

A cyclops skeleton is nearby!
Unknown command.
You open the door.
Found a quarterstaff.
There is an open door here.
Found 22 gold pieces.
You now have 145 gold pieces (gained 22).
You now have 161 gold pieces (gained 16).
There is a stone staircase leading down here.
You now have 170 gold pieces (gained 9).
You open the door.
There is an open door here.
You open the door.
Found a meat ration.
Found a scale mail and 12 gold pieces.
There is an open door here.
Unknown command.
A giant frog comes into view.
The giant frog gives a loud, deep croak!
Attack whom?
Press: ? - help, Dir - move target cursor, f - giant frog
Aim: a giant frog You reach to attack!
You barely miss the giant frog. The giant frog hits you.
You closely miss the giant frog. The giant frog hits you.
You closely miss the giant frog.
The giant frog hits you but does no damage. x2
You hit the giant frog.
The giant frog is lightly wounded.
The giant frog hits you.
You hit the giant frog but do no damage.
The giant frog is lightly wounded.
The giant frog hits you.
You closely miss the giant frog.
The giant frog is lightly wounded.
The giant frog hits you but does no damage. x2
You hit the giant frog but do no damage.
The giant frog is lightly wounded.
The giant frog hits you.
You hit the giant frog.
The giant frog is moderately wounded.
The giant frog hits you but does no damage.
You hit the giant frog.
The giant frog is heavily wounded.
The giant frog hits you but does no damage. x2
You hit the giant frog.
The giant frog is heavily wounded.
The giant frog barely misses you.
You closely miss the giant frog.
The giant frog is heavily wounded.
The giant frog hits you but does no damage.
The giant frog hits you.
Your chain mail prevents you from hitting the giant frog.
The giant frog is heavily wounded.
The giant frog hits you but does no damage.
You closely miss the giant frog.
The giant frog is heavily wounded.
The giant frog hits you but does no damage.
Your chain mail prevents you from hitting the giant frog.
The giant frog is heavily wounded.
The giant frog hits you but does no damage. x2
You barely miss the giant frog.
The giant frog is heavily wounded.
The giant frog hits you but does no damage.
Your chain mail prevents you from hitting the giant frog.
The giant frog is heavily wounded.
The giant frog hits you.
You closely miss the giant frog.
The giant frog is heavily wounded.
The giant frog closely misses you. The giant frog barely misses you.
You hit the giant frog.
The giant frog is heavily wounded.
The giant frog hits you.
You hit the giant frog.
The giant frog is heavily wounded.
The giant frog hits you.
Your chain mail prevents you from hitting the giant frog.
The giant frog is heavily wounded.
The giant frog barely misses you.
The giant frog hits you but does no damage.
Your chain mail prevents you from hitting the giant frog.
The giant frog is heavily wounded.
The giant frog hits you.
* * * LOW HITPOINT WARNING * * *
You hit the giant frog.
The giant frog is severely wounded.
The giant frog hits you.
* * * LOW HITPOINT WARNING * * *
You closely miss the giant frog.
The giant frog is severely wounded.
The giant frog hits you.
* * * LOW HITPOINT WARNING * * *
The giant frog barely misses you.
Your chain mail prevents you from hitting the giant frog.
The giant frog is severely wounded.
The giant frog hits you but does no damage.
Unknown command.
You hit the giant frog.
The giant frog is almost dead.
The giant frog hits you.
You die...

.......................######....
.......................# #....
....#####.##########...# #....
##.. #.#........#...# #.... +..
#.#........#...# #.... #..
#.#........#...# #.>.. #..
#.#........##..# #.... #..
..#....F....#..# #.... .
..#.....@...#..#+##+#....
..#..$....%.#............
..#.........#............
#...[.....#............
######+##'#............
............#+#####....
..####.....#.....#....
#.....#.....#....
#.....#.....#....


You could see a giant frog.

Table legend:
 A = Kills in this place as a percentage of kills in entire the game.
 B = Kills by you in this place as a percentage of kills by you in the entire game.
 C = Kills by friends in this place as a percentage of kills by friends in the entire game.
 D = Other kills in this place as a percentage of other kills in the entire game.
 E = Experience gained in this place as a percentage of experience gained in the entire game.
 F = Experience gained in this place divided by the number of levels of this place that you have seen.
                   A       B       C       D       E      F
               +-------+-------+-------+-------+-------+----------------------
         Total | 100.0 | 100.0 |  -nan |  -nan | 100.0 |  23.6
       Dungeon | 100.0 | 100.0 |  -nan |  -nan | 100.0 |  26.5
               +-------+-------+-------+-------+-------+----------------------

Vanquished Creatures
  A hound (D:6)
  An orc priest (D:6)
  2 adders (D:2)
  A worm (D:2)
  5 orcs
  2 ball pythons
  A giant cockroach (D:1)
  7 goblins
  5 hobgoblins
  5 bats
  3 giant geckos
  2 giant newts
  6 jackals
  4 kobolds
  An orc skeleton (D:6)
  10 rats
56 creatures vanquished.

Vanquished Creatures (others)
  A giant spore (D:8)
1 creature vanquished.

Grand Total: 57 creatures vanquished

Notes
Turn   | Place    | Note
--------------------------------------------------------------
     0 | Abyss:1  | magipi, the Formicid Abyssal Knight, began the quest for the Orb.
     0 | Abyss:1  | Reached XP level 1. HP: 18/18 MP: 1/1
     5 | D:1      | Escaped the Abyss
   108 | D:1      | Acquired Lugonu's first power
   281 | D:1      | Reached XP level 2. HP: 21/24 MP: 3/3
   562 | D:1      | Reached XP level 3. HP: 22/29 MP: 6/6
   821 | D:2      | Acquired Lugonu's second power
  1584 | D:3      | Noticed magipi's ghost (experienced FoAK)
  1610 | D:2      | Reached XP level 4. HP: 35/35 MP: 8/8
  1967 | D:3      | Noticed Crazy Yiuf
  1992 | D:3      | You fall through a shaft for 3 floors!
  1992 | D:6      | Found an ancient bone altar of Kikubaaqudgha.
  1992 | D:6      | Found a shimmering altar of Xom.
  1992 | D:6      | Found a bloodstained altar of Trog.
  2018 | D:6      | Reached skill level 4 in Invocations
  2018 | D:6      | Reached XP level 5. HP: 33/41 MP: 11/11
  2438 | D:6      | Noticed an ogre
  2455 | D:6      | You fall through a shaft for 2 floors!
  2455 | D:8      | Noticed a centaur
  2455 | D:8      | Noticed a centaur
  2457 | D:8      | HP: 2/41 [centaur/arrow of flame (2)]
  2458 | D:8      | You fall through a shaft!
  2463 | D:9      | Gained mutation: You have difficulty communicating with the divine. [potion of mutation]
  2463 | D:9      | Gained mutation: Your vision is a little blurry. [potion of mutation]
  2463 | D:9      | Gained mutation: You are somewhat resistant to further mutation. [potion of mutation]
  2514 | D:9      | You fall through a shaft for 2 floors!
  2965 | D:10     | Entered Level 10 of the Dungeon
  2971 | D:10     | Noticed a black bear
  3202 | D:11     | HP: 2/41 [giant frog (4)]
  3204 | D:11     | Slain by a giant frog

Action                   |  1- 3 |  4- 6 || total
-------------------------+-------+-------++-------
Melee: Spear             |   139 |   155 ||   294
Invok: Depart the Abyss  |     1 |       ||     1
       Bend Space        |       |     2 ||     2
 Abil: Shaft Self        |       |     4 ||     4
  Use: Potion            |       |     5 ||     5
  Eat: Chunk             |     2 |     5 ||     7
       Pizza             |       |     1 ||     1

Action                   |  1- 3 |  4- 6 || total
-------------------------+-------+-------++-------
Melee: Spear             |   139 |   155 ||   294
Invok: Depart the Abyss  |     1 |       ||     1
       Bend Space        |       |     2 ||     2
 Abil: Shaft Self        |       |     4 ||     4
  Use: Potion            |       |     5 ||     5
  Eat: Chunk             |     2 |     5 ||     7
       Pizza             |       |     1 ||     1

Action                   |  1- 3 |  4- 6 || total
-------------------------+-------+-------++-------
Melee: Spear             |   139 |   155 ||   294
Invok: Depart the Abyss  |     1 |       ||     1
       Bend Space        |       |     2 ||     2
 Abil: Shaft Self        |       |     4 ||     4
  Use: Potion            |       |     5 ||     5
  Eat: Chunk             |     2 |     5 ||     7
       Pizza             |       |     1 ||     1
